Map: Ruins of Endion

Players

freeman - Winner!

  • Race: Terran Terran
  • League: Gold

capac

  • Race: Terran Terran
  • League: Gold

VOD

Have the link to the VOD?

Description

Time

  • Played on: April 26, 2016, 4:52 p.m.
  • Length: 20:10
Show
View Real Time Build Order
Export as new Build Order

freeman Terran - Winner!

Build Orders:  

Get SALT Encoding   

  12  0:01  SCV  
  13  0:13  SCV  
  14  0:18  Supply Depot  
  14  0:25  SCV  
  15  0:40  SCV  
  15  0:42  Barracks  
  16  0:54  SCV  
  17  1:06  SCV  
  18  1:22  Command Center  
  18  1:35  SCV  
  19  1:41  Supply Depot  
  19  1:43  Refinery  
  19  1:45  Refinery  
  19  1:58  Marine  
  19  2:00  SCV  
  21  2:12  SCV  
  22  2:24  SCV  
  23  2:30  Marine  
  23  2:33  Factory  
  24  2:40  SCV  
  24  2:42  SCV  
  26  2:52  Marine  
  26  2:53  SCV  
  26  2:54  SCV  
  29  3:06  Supply Depot, SCV  
  30  3:13  Marine  
  30  3:17  Factory Tech Lab  
  30  3:18  SCV  
  32  3:23  Starport  
  32  3:24  SCV  
  33  3:29  Supply Depot  
  33  3:30  SCV  
  33  3:31  Marine  
  35  3:34  Refinery  
  35  3:36  SCV  
  35  3:37  Siege Tank  
  39  3:47  SCV  
  40  3:50  Orbital Command  
  40  3:59  SCV  
  40  4:00  Armory  
  40  4:01  Starport Reactor  
  41  4:12  SCV  
  42  4:29  SCV  
  42  4:31  SCV  
  44  4:36  Refinery  
  44  4:39  Medivac x2  
  44  4:40  Marine  
  44  4:41  SCV  
  44  4:43  SCV  
  51  4:48  Supply Depot  
  51  4:51  Siege Tank  
  54  4:54  SCV  
  54  4:55  SCV  
  54  4:58  Marine  
  57  5:02  Liberator  
  57  5:06  SCV  
  58  5:07  SCV  
  59  5:16  Marine  
  59  5:18  SCV  
  59  5:19  SCV  
  65  5:23  Siege Tank  
  68  5:34  Marine  
  69  5:36  Factory  
  69  5:39  Barracks  
  69  5:47  Liberator  
  69  5:48  Supply Depot  
  69  5:52  Marine  
  67  6:12  Supply Depot  
  67  6:17  Siege Tank  
  68  6:32  Factory Tech Lab  
  68  6:40  Starport  
  68  6:45  Terran Vehicle Weapons Level 1  
  68  6:47  Orbital Command  
  68  6:49  Siege Tank  
  68  6:53  Supply Depot  
  71  6:55  Supply Depot  
  71  6:57  Starport  
  71  7:04  Barracks Reactor  
  71  7:11  Siege Tank  
  74  7:21  Starport  
  74  7:24  Command Center  
  74  7:40  Starport Tech Lab  
  74  7:42  Marine x2  
  74  7:43  Fusion Core  
  76  7:52  Siege Tank  
  76  7:53  Siege Tank  
  76  7:57  SCV x2  
  84  8:01  Marine x3  
  69  8:05  Medivac  
  87  8:07  Starport Tech Lab  
  87  8:09  SCV  
  90  8:13  Starport Tech Lab  
  90  8:18  Marine  
  90  8:19  Marine x2  
  93  8:36  Marine x2  
  93  8:37  Marine  
  96  8:42  Refinery  
  96  8:45  Orbital Command  
  96  8:49  Terran Ship Weapons Level 1  
  96  8:54  Marine x2  
  98  9:00  Refinery  
  104  9:05  Battlecruiser  
  104  9:21  Armory  
  104  9:22  Weapon Refit  
  104  9:27  SCV  
  104  9:28  SCV  
  106  9:33  Command Center  
  103  9:52  Battlecruiser  
  109  10:01  SCV x2  
  109  10:02  SCV  
  112  10:16  Siege Tank  
  115  10:24  Terran Vehicle Weapons Level 2  
  115  10:25  Supply Depot  
  115  10:40  Supply Depot  
  115  10:45  Battlecruiser, Siege Tank  
  115  10:49  Supply Depot  
  124  10:52  SCV x2  
  124  10:56  Siege Tank  
  129  11:03  Supply Depot  
  129  11:07  Refinery  
  129  11:08  Refinery  
  129  11:12  Supply Depot  
  129  11:17  Siege Tank  
  132  11:28  Thor  
  129  11:49  Thor  
  93  12:11  Siege Tank  
  93  12:14  Battlecruiser x2  
  108  12:27  Viking  
  108  12:28  Viking x2  
  108  12:32  Siege Tank  
  111  12:38  SCV  
  112  12:45  Terran Vehicle Weapons Level 3  
  112  12:55  Marine  
  112  12:56  Marine x2  
  112  12:57  Viking  
  112  12:58  Viking x2  
  121  13:05  Supply Depot  
  121  13:08  Supply Depot  
  121  13:13  Marine x2  
  121  13:14  Marine  
  121  13:15  Siege Tank x2  
  130  13:22  Battlecruiser  
  130  13:25  Command Center  
  136  13:28  Supply Depot  
  136  13:31  Viking x3, Marine x2  
  136  13:32  Supply Depot  
  144  13:45  Terran Ship Weapons Level 2  
  144  13:51  Supply Depot  
  144  14:05  Viking  
  144  14:06  Viking x2  
  150  14:42  Battlecruiser  
  156  14:50  Refinery  
  156  14:54  Refinery  
  156  15:12  Siege Tank x2  
  162  15:15  Battlecruiser x2  
  174  15:23  Terran Vehicle And Ship Armor Level 1  
  174  15:30  Orbital Command  
  174  15:32  Orbital Command  
  174  15:47  Thor  
  174  15:48  Thor  
  174  15:49  Battlecruiser  
  192  15:54  Viking  
  194  16:05  Terran Ship Weapons Level 3  
  194  16:19  Battlecruiser  
  194  17:14  Viking x3  
  194  17:15  Viking  
  195  17:23  Viking  
  192  17:54  Thor  
  192  19:20  Viking  
  192  19:21  Viking  
Show
View Real Time Build Order
Export as new Build Order

capac Terran 

Build Orders: Bio Tank 

Get SALT Encoding   

  12  0:01  SCV  
  13  0:13  SCV  
  14  0:18  Supply Depot  
  14  0:25  SCV  
  15  0:40  SCV  
  15  0:41  Barracks  
  16  0:58  Refinery  
  16  1:02  SCV  
  17  1:15  SCV  
  18  1:32  Marine  
  19  1:34  Supply Depot  
  20  1:45  Command Center  
  19  1:48  Orbital Command  
  19  2:00  Refinery  
  19  2:01  Marine  
  20  2:17  SCV  
  20  2:37  SCV  
  21  2:46  Barracks Tech Lab  
  21  2:48  Factory  
  21  2:49  SCV  
  21  2:50  Barracks  
  22  3:01  SCV  
  23  3:08  Marine  
  24  3:14  Barracks  
  24  3:18  SCV  
  25  3:21  Orbital Command  
  25  3:30  SCV  
  26  3:36  Starport, Factory Tech Lab  
  26  3:38  Marine  
  27  3:42  Barracks Reactor  
  27  3:43  SCV  
  28  3:48  SCV  
  29  3:56  Marine  
  29  3:57  Engineering Bay  
  29  4:02  Siege Tank  
  33  4:03  Marine  
  33  4:06  SCV  
  33  4:09  SCV  
  36  4:17  Supply Depot  
  36  4:18  Medivac  
  36  4:22  Marine x2  
  40  4:41  Missile Turret  
  40  4:46  SCV x2  
  40  4:50  Marine x2, Barracks Reactor  
  40  4:51  Marine  
  40  4:52  Starport Reactor  
  45  4:54  Stimpack  
  45  4:56  Siege Tank  
  45  4:58  SCV  
  49  5:04  Missile Turret  
  49  5:08  Supply Depot  
  49  5:15  SCV x2  
  49  5:19  Marine x2  
  49  5:20  Marine  
  54  5:24  Terran Infantry Weapons Level 1  
  54  5:29  Marine x2  
  54  5:32  Supply Depot  
  56  5:36  SCV x2  
  56  5:37  Marine  
  59  5:43  Refinery  
  59  5:51  SCV x2  
  59  5:52  Marine, Missile Turret  
  59  5:53  Marine x2  
  59  5:57  Supply Depot  
  63  6:32  SCV x2  
  65  6:35  Siege Tank  
  65  6:36  Marine x2  
  70  6:47  Supply Depot  
  70  6:49  Marine x2, Medivac x2  
  70  6:50  SCV  
  70  6:51  SCV  
  78  6:56  Refinery  
  78  6:57  Combat Shields  
  78  7:03  SCV x2  
  78  7:05  Supply Depot  
  80  7:09  Marine x4  
  80  7:10  Marine  
  85  7:19  SCV  
  86  7:25  Missile Turret  
  86  7:28  Supply Depot, Marine x3  
  86  7:29  Marine x2  
  91  7:34  Siege Tank  
  94  7:46  Marine  
  94  7:48  Factory  
  94  7:50  SCV x2  
  97  7:51  Viking x2  
  97  7:57  Supply Depot  
  101  8:10  Marine x5  
  106  8:20  Terran Infantry Armor Level 1  
  106  8:21  Supply Depot  
  106  8:36  Siege Tank  
  106  8:37  Factory Tech Lab  
  106  8:40  Factory  
  109  8:45  Medivac x2  
  109  8:46  Marine  
  109  8:47  Marine x4  
  118  9:06  Starport  
  118  9:07  Supply Depot  
  118  9:10  Siege Tank  
  121  9:18  Marine x2  
  121  9:19  Marine x2  
  121  9:20  Marine  
  126  9:29  Siege Tank, Command Center  
  129  9:48  Factory Tech Lab  
  129  9:53  Supply Depot, Starport Reactor  
  129  10:04  Marine x4  
  129  10:05  Marine  
  134  10:24  Siege Tank x2  
  134  10:25  Marine x2  
  142  10:31  Marine x2, Siege Tank  
  142  10:34  Supply Depot  
  142  10:35  Viking x2  
  149  10:37  Viking  
  153  10:43  Viking  
  155  11:12  Medivac  
  155  11:13  Medivac  
  159  11:35  Medivac  
  159  11:36  Medivac  
  136  12:05  Orbital Command  
  134  12:35  Medivac x2  
  134  12:36  Medivac  
  140  12:39  Marine  
  140  12:40  Marine x4  
  145  12:57  Marine  
  145  12:58  Marine x4  
  150  13:15  Marine  
  150  13:16  Marine x4  
  155  13:33  Marine x2  
  155  13:34  Marine x3  
  160  13:51  Marine x5  
  160  13:53  Barracks  
  160  13:54  Barracks  
  165  13:56  Barracks  
  165  13:59  Barracks  
  165  14:01  Viking x4, Missile Turret  
  173  14:09  Marine  
  174  14:37  Viking x3  
  180  14:38  Missile Turret  
  180  15:24  Barracks Reactor  
  180  15:25  Barracks Reactor x3  
  180  15:33  SCV  
  181  16:21  SCV x2  
  181  16:26  Liberator x2  
  181  16:27  Liberator x2  
  181  16:43  SCV x2  
  181  16:44  SCV  
  196  16:49  Command Center  
  196  16:56  SCV  
  141  17:46  Liberator  
  141  17:47  Liberator x3  
  141  17:52  Marine x13  
  166  18:09  Marine  
  166  18:10  Marine x8  
  146  18:46  Viking  
  146  18:47  Viking x2  
  152  19:14  Marine x3  
  152  19:15  Marine x6  
  152  19:16  Marine x4  
  165  19:24  Orbital Command  
  165  19:27  SCV x2  
  165  19:28  SCV  
  165  19:31  Refinery  
  168  19:32  Refinery x2, Marine x4  
  168  19:33  Marine x6  
  178  19:39  SCV  
  178  19:40  SCV x2  
Tags
 
Composition
Bio Tank
League
GoldGold
Matchup
TvT
Race
Terran
Add a new tag
Caveats
  • Supply blocks, unpowered buildings, or Contaminate may cause inaccurate times.
  • Supply counts are checked every 10 seconds.